AoeStats
← Tumirnix

Black Forest

503445264Analyzed
2v2 RM · 1mo ago on Aug 31, 2026· 62m 3s· 4 players
Game mode
Random Map
Map size
Medium (4 player)
Population
200
Speed
Normal
Resources
Standard
Victory
Conquest
Starting age
Dark Age
Ending age
Imperial Age
RankedLock teamsTeams togetherTeam positionsShared explorationLock speedFull tech treeHidden civsTurbo modeCheats
Victory
Defeat
🇨🇭 Persians · Switzerland
1422
+14
🇹🇷 Bulgarians · Türkiye
1404
+15
🇩🇪 Bohemians · Germany
1378
-14
🇩🇪 Britons · Germany
1370
-14
RealDeal77
9:10 Feudal Age
16:10 Scale Mail Armor
17:14 Fletching
20:00 Double-Bit Axe
20:33 Arson
23:32 Castle Age
22:30 Forging
23:03 Horse Collar
24:28 Loom
25:13 Chain Mail Armor
25:07 Bodkin Arrow
35:38 Scale Barding Armor
36:52 Ballistics
36:29 Guard Tower
37:51 Iron Casting
40:45 Squires
42:14 Gambesons
42:40 Pikeman
47:27 Town Watch
48:21 Wheelbarrow
49:33 Heavy Plow
50:32 Masonry
55:40 Imperial Age
53:27 Hand Cart
54:03 Scale Barding Armor
56:07 Bloodlines
55:57 Husbandry
56:22 Chain Barding Armor
56:14 Light Cavalry
57:41 Plate Barding Armor
58:07 Keep
57:12 Capped Ram
58:21 Conscription
59:21 Bow Saw
60:25 Blast Furnace
61:20 Hussar
62:01 Bracer
62:34 Crop Rotation
61:55 Gold Mining
61:55 Stone Mining
62:21 Siege Engineers
62:46 Architecture
62:36 Stirrups
ChickenHunter
11:56 Feudal Age
11:31 Loom
15:29 Castle Age
14:29 Double-Bit Axe
14:25 Horse Collar
16:28 Bow Saw
16:20 Heavy Plow
20:25 Wheelbarrow
23:26 Hand Cart
23:50 Town Watch
25:24 Gold Mining
29:27 Imperial Age
27:02 Husbandry
32:42 Scale Barding Armor
33:52 Chain Barding Armor
33:42 Forging
38:55 Bloodlines
39:53 Kamandaran
40:15 Conscription
39:57 Fletching
40:08 Padded Archer Armor
40:11 Crossbowman
40:58 Thumb Ring
42:47 Bodkin Arrow
43:08 Leather Archer Armor
43:30 Plate Barding Armor
44:20 Cavalier
45:36 Iron Casting
45:32 Ring Archer Armor
47:12 Blast Furnace
50:31 Ballistics
51:19 Chemistry
55:28 Stone Mining
56:19 Gold Shaft Mining
55:16 Savar
57:33 Coinage
58:10 Masonry
58:42 Hoardings
Guwe-Fuckin'-Rotz
0:52 Loom
10:16 Feudal Age
13:35 Double-Bit Axe
13:58 Horse Collar
24:23 Castle Age
24:58 Fletching
28:33 Wheelbarrow
34:12 Fervor
34:21 Bow Saw
34:23 Heavy Plow
37:17 Hand Cart
40:04 Fortified Wall
48:04 Imperial Age
52:12 Chemistry
53:03 Town Watch
Tumirnix
0:52 Loom
11:49 Feudal Age
13:19 Double-Bit Axe
16:16 Castle Age
14:48 Horse Collar
18:01 Bow Saw
20:40 Stone Mining
24:16 Fletching
26:09 Scale Mail Armor
26:51 Bodkin Arrow
27:32 Pikeman
32:25 Chain Mail Armor
36:51 Imperial Age
35:37 Wheelbarrow
35:37 Forging
35:28 Padded Archer Armor
35:32 Squires
36:23 Scale Barding Armor
37:18 Scale Barding Armor
37:21 Husbandry
37:33 Cavalier
38:40 Chain Barding Armor
40:01 Plate Barding Armor
42:39 Iron Casting
42:04 Crossbowman
43:24 Hand Cart
43:23 Capped Ram
46:53 Gold Mining
48:50 Bracer
49:22 Plate Mail Armor
49:52 Blast Furnace
50:15 Arbalester
52:35 Town Watch
52:52 Padded Archer Armor
53:48 Leather Archer Armor
53:57 Ballistics
54:37 Chemistry
53:50 Masonry
54:31 Yeomen
54:32 Conscription
55:54 Caravan
58:18 Coinage
Connection lost

Rejoining the realm…

Still unreachable

The connection could not be restored.

Session expired

The server has moved on; the page needs a fresh start.